 Dungeon Crawl Stone Soup version 0.27-a0-984-g00e00afbbc (webtiles) character file.

Game seed: 11615557624099992347

95 Froggeryz the Shield-Bearer (level 4, -3/35 HPs)
             Began as a Formicid Fighter on Apr 15, 2021.
             Splashed by a jelly's acid (4 damage)
             ... on level 2 of the Dungeon.
             The game lasted 00:01:48 (1670 turns).

Froggeryz the Shield-Bearer (Formicid Fighter)      Turns: 1670, Time: 00:01:48

Health: -3/35      AC: -1    Str: 22    XL:     4   Next: 95%
Magic:  4/4        EV:  8    Int:  7    God:
Gold:   48         SH: 10    Dex: 10    Spells: 3/3 levels left

rFire    . . .     SeeInvis +   a - +0 war axe
rCold    . . .     Faith    .   c - +0 kite shield
rNeg     . . .     Spirit   .   b - +0 scale mail
rPois    .         Reflect  .   (helmet unavailable)
rElec    .         Harm     .   (no cloak)
rCorr    .         Rampage  .   (no gloves)
Will     .....                  (no boots)
Stlth    ..........             (no amulet)
HPRegen  0.11/turn              (no ring)
MPRegen  0.09/turn              (no ring)

@: corroded
A: permanent stasis, dig shafts and tunnels, antennae 3, four strong arms
a: Dig, Shaft Self


You were on level 2 of the Dungeon.
You visited 1 branch of the dungeon, and saw 2 of its levels.

You collected 48 gold pieces.

Inventory:

Hand Weapons
 a - a +0 war axe (weapon)
Armour
 b - a +0 scale mail (worn)
 c - a +0 kite shield (worn)
Scrolls
 g - a scroll of vulnerability {unknown}
 h - a scroll of identify
 i - a scroll of teleportation {unknown}
Potions
 d - a potion of might
 e - a potion of curing {unknown}


   Skills:
 - Level 3.2 Fighting
 * Level 4.0 Axes
 - Level 3.2 Armour
 + Level 4.6 Shields


You had 3 spell levels left.
You didn't know any spells.
Your spell library was empty.

Dungeon Overview and Level Annotations

Branches:
Dungeon (2/15)

Altars:
The Shining One

Shops:
D:1 =

Annotations:
D:2 1 runed translucent door, Crazy Yiuf


Innate Abilities, Weirdness & Mutations

You cannot be hasted, slowed, berserked, paralysed or teleported.
You can dig through walls and to a lower floor.
You have a pair of large antennae on your head. (SInv)
Your four strong arms can wield two-handed weapons with a shield.


Message History

The goblin hits you but does no damage.
You closely miss the goblin. The goblin closely misses you.
You slash the goblin!
You kill the goblin!
No target in view!
Things that are here:
a +0 dagger; a +0 dagger
Found a robe.
Things that are here:
a +0 dagger; a +0 dagger
Found a stone staircase leading down.
Found 14 stones.
A worm comes into view.
A worm is nearby!
A jelly comes into view.
The jelly quivers.
You block the worm's attack.
You slash the worm!
The worm is heavily wounded.
You barely miss the worm.
The worm is heavily wounded.
The worm bites you.
You hit the worm but do no damage.
The worm is heavily wounded.
You block the worm's attack.
You hit the worm.
The worm is severely wounded.
You hit the jelly.
Your hands burn!
The jelly hits you.
You are splashed with acid!
You block the worm's attack.
You are too injured to fight recklessly!
You are too injured to fight recklessly!
You are too injured to fight recklessly!
You are too injured to fight recklessly!
You hit the jelly. The acid corrodes you!
Your hands burn!
The jelly is moderately wounded.
You block the jelly's attack. The jelly hits you. The acid corrodes you!
You are splashed with acid!
* * * LOW HITPOINT WARNING * * *
You hit the jelly but do no damage.
Your hands burn!
You die...

# #......... ##
#......... )#
###########.........
#####.........#.........
........).....#.........
..###.........#.........
..# ###########.w.......
..# #J# #.# ####### #@#
#.# ......# #.# #.#
###...#### #.# #.#
#..>...#######.###.##
##..#..<)...........#
##.##......####..(##
#....####......#.####
####....##............
#####
..##...#.######.###


You could see a worm and a jelly.

Vanquished Creatures
  Robin (D:2)
  An adder (D:2)
  A worm (D:2)
  4 dart slugs
  4 ball pythons
  7 bats (D:1)
  6 endoplasms
  4 giant cockroaches
  10 goblins
  8 hobgoblins
  3 kobolds
  3 quokkas
  2 frilled lizards
  A rat (D:1)
55 creatures vanquished.

Notes
Turn   | Place    | Note
-------+----------+-------------------------------------------
     0 | D:1      | Froggeryz the Formicid Fighter began the quest for the Orb.
     0 | D:1      | Reached XP level 1. HP: 18/18 MP: 1/1
    89 | D:1      | Reached XP level 2. HP: 24/24 MP: 2/2
   189 | D:1      | Reached XP level 3. HP: 29/29 MP: 3/3
   471 | D:1      | Found Nume's Jewellery Boutique.
   860 | D:2      | Reached XP level 4. HP: 23/35 MP: 4/4
  1057 | D:2      | Found a glowing golden altar of the Shining One.
  1090 | D:2      | Noticed Robin
  1133 | D:2      | Killed Robin
  1258 | D:2      | Found a runed translucent door.
  1259 | D:2      | Noticed Crazy Yiuf
  1669 | D:2      | HP: 1/35 [acid (10)]
  1670 | D:2      | Splashed by a jelly's acid

Illustrated notes

Levels and vault maps discovered:
D:1:      tarquinn_simple_flora_water_f, layout_rooms, serial_shops, shop
D:2:      layout_rooms, basic_altar, minmay_misc_feat_columns,
          uniq_crazy_yiuf_cottage, uniq_natasha, uniq_robin

Skill      XL: |  1  2  3  4 |
---------------+-------------+-----
Shields        | 4 |  4.6
Axes           | 3 4 |  4.0
Fighting       | |  3.2
Armour         | |  3.2

Action                   |  1- 3 |  4- 6 || total
-------------------------+-------+-------++-------
Melee: War axe           |    78 |    71 ||   149
 Abil: Dig               |       |     1 ||     1
  Use: Potion            |       |     2 ||     2
       Scroll            |       |     1 ||     1
 Stab: Invisible         |       |     2 ||     2
Armor: Scale mail        |    32 |    27 ||    59
Dodge: Dodged            |    20 |    19 ||    39
Block: Kite shield       |    53 |    40 ||    93

Table legend: (Time is in decaauts)
 A = Elapsed time spent in this place.
 B = Non-inter-level travel time spent in this place.
 C = Inter-level travel time spent in this place.
 D = Time resting spent in this place.
 E = Time spent auto-exploring this place.
 F = Levels seen in this place.
 G = Mean time per level.
                   A        B        C        D        E       F      G
               +--------+--------+--------+--------+--------+-----+--------+
         Total |   1745 |   1726 |     19 |     62 |   1295 |   2 |  872.5 |
       Dungeon |   1745 |   1726 |     19 |     62 |   1295 |   2 |  872.5 |
               +--------+--------+--------+--------+--------+-----+--------+

Top non-repeatable levels by time:
     D:2: 922 daAuts
     D:1: 823 daAuts
